 Dungeon Crawl Stone Soup version 0.22-a0-422-g9628fc8 (webtiles) character file.

1461 Galewind the Thaumaturge (level 8, -10/43 HPs)
             Began as a Deep Elf Ice Elementalist on May 16, 2018.
             Mangled by an orc warrior
             ... wielding a +0 long sword
              (23 damage)
             ... on level 6 of the Dungeon.
             The game lasted 00:15:33 (8580 turns).

Galewind the Thaumaturge (DEIE)                     Turns: 8580, Time: 00:15:34

Health: -10/43     AC:  6    Str:  5    XL:     8   Next: 48%
Magic:  4/23       EV: 14    Int: 23    God:
Gold:   379        SH:  0    Dex: 15    Spells: 20/25 levels left

rFire    x . .     SeeInvis .   m - +5 dagger (speed)
rCold    + . .     Gourm    .   (no shield)
rNeg     . . .     Faith    .   a - +0 robe
rPois    .         Spirit   .   b - +1 helmet
rElec    .         Reflect  .   d - +0 cloak
rCorr    .         Harm     .   k - +0 pair of gloves
MR       .....                  (no boots)
Stlth    ++........             (no amulet)
HPRegen  0.14/turn              w - ring of ice
MPRegen  0.18/turn              (no ring)

@: no status effects
A: no striking features
a: no special abilities


You were on level 6 of the Dungeon.
You were not hungry.

You visited 2 branches of the dungeon, and saw 8 of its levels.
You also visited: Sewer.

You collected 379 gold pieces.

Inventory:

Hand Weapons
 m - a +5 dagger of speed (weapon)
Armour
 a - a +0 robe (worn)
 b - a +1 helmet (worn)
 d - a +0 cloak (worn)
 k - a +0 pair of gloves (worn)
Jewellery
 w - a ring of ice (left hand)
Wands
 o - a wand of paralysis (4)
 x - a wand of disintegration (10)
 y - a wand of iceblast (6)
Scrolls
 f - 5 scrolls of teleportation
 g - 4 scrolls of fog
 h - a scroll of enchant armour
 i - a scroll of amnesia
 l - 3 scrolls of remove curse
Potions
 e - a potion of mutation {unknown}
 j - a potion of berserk rage {unknown}
 n - 2 potions of agility
 p - 2 potions of curing
 r - 2 potions of flight
 s - a potion of ambrosia {unknown}
 t - a potion of brilliance {unknown}
 u - a potion of resistance
 v - 2 potions of degeneration
Comestibles
 c - 9 rations


   Skills:
 + Level 1.3 Fighting
 + Level 2.6 Short Blades
 + Level 4.2 Dodging
 - Level 2.4 Stealth
 + Level 9.4 Spellcasting
 + Level 3.1 Conjurations
 + Level 7.2 Ice Magic


You had 20 spell levels left.
You knew the following spells:

 Your Spells              Type           Power        Failure   Level  Hunger
a - Freeze                Ice            ####         1%          1    None
b - Throw Icicle          Conj/Ice       ######..     7%          4    ##.....

Your spell library contained the following spells:

 Spells                   Type           Power        Failure   Level  Hunger
 Lightning Bolt           Conj/Air       ###.......   65%         5    ####...
 Throw Frost              Conj/Ice       ######       1%          2    None
 Summon Ice Beast         Ice/Summ       #####...     14%         4    ##.....
 Ozocubu's Armour         Chrm/Ice       #####...     4%          3    None
 Shock                    Conj/Air       ###.         3%          1    None
 Swiftness                Chrm/Air       ##......     9%          2    None
 Airstrike                Air            ##........   52%         4    ##.....
 Static Discharge         Conj/Air       ###.....     10%         3    None


Dungeon Overview and Level Annotations

Branches:
Dungeon (7/15)             Temple (1/1) D:5

Altars:
Ashenzari
Cheibriados
Dithmenos
Elyvilon
Fedhas
Gozag
Hepliaklqana
Kikubaaqudgha
Makhleb
Nemelex Xobeh
Okawaru
Ru
Sif Muna
Trog
Uskayaw
Wu Jian
Xom
Zin
The Shining One

Shops:
D:6 =

Annotations:
D:3 galech's ghost, amateur GnWn


Message History

You feel a surge of power!
The shard of ice hits the orc warrior.
The orc warrior is heavily wounded.
The orc warrior hits you with a long sword!
* * * LOW HITPOINT WARNING * * *
Unknown command.
Unknown command.
You see here a dagger.
The orc warrior barely misses you.
Your magical contamination has completely faded away.
There is a stone staircase leading up here.
Casting: Throw Icicle (safe; 7% risk of failure)
Confirm with . or Enter, or press ? or * to list all spells.
Aiming: Throw Icicle (safe; 7% risk of failure)
Press: ? - help, Shift-Dir - straight line, f/p - orc warrior
Aim: an orc warrior, wielding a long sword and wearing a plate armour (heavily wounded)
You feel a surge of power!
The shard of ice hits the orc warrior.
The orc warrior is almost dead.
The orc warrior hits you with a long sword!!
Ouch! That really hurt!
You die...

#......)# #....>[....#
####...## ##..#####...### #
##### #[.## ##....### #.##
##...[.. #=## ####### ####
#>.# ####..####..# #####
#......##...# #...###
#........@..# ##.....###
#.........o## #..##....#
#####.......#####.######..
##....)..##..## #..
#...>)......# #.)
##..).......## #####..
#######...........####......
##....#.....#####............
#..##...##### ##.....####..


You could see an orc warrior.

Vanquished Creatures
  Sigmund (D:2)
  A sky beast (D:6)
  4 ogres
  A centaur (D:4)
  Blork the orc (D:4)
  A big kobold (Sewer)
  A howler monkey (D:6)
  A centaur zombie (D:6)
  3 bullfrog skeletons
  A jelly (D:7)
  2 orc priests
  Crazy Yiuf (D:2)
  A gnoll shaman (D:4)
  2 iguanas
  An orc wizard (D:6)
  A worker ant (D:4)
  A mummy (D:6)
  A worker ant zombie (D:6)
  3 gnolls (D:4)
  5 adders
  2 river rats
  An ooze (D:4)
  2 adder skeletons (D:4)
  2 worms (D:2)
  3 dart slugs
  3 leopard geckos
  25 orcs
  5 ball pythons
  7 giant cockroaches
  6 goblins
  5 hobgoblins
  2 jackals (Sewer)
  15 kobolds
  A quokka (D:2)
  6 bats
  6 frilled lizards (D:2)
  A kobold zombie (D:6)
  An orc zombie (D:6)
  15 rats
141 creatures vanquished.

Notes
Turn   | Place    | Note
-------+----------+-------------------------------------------
     0 | D:1      | Galewind the Deep Elf Ice Elementalist began the quest for the Orb.
     0 | D:1      | Reached XP level 1. HP: 10/10 MP: 6/6
   301 | D:1      | Reached XP level 2. HP: 13/15 MP: 6/8
  1010 | D:2      | Reached skill level 4 in Spellcasting
  1010 | D:2      | Reached XP level 3. HP: 3/19 MP: 2/10
  2214 | D:2      | Noticed Sigmund
  2233 | D:2      | Killed Sigmund
  2233 | D:2      | Reached skill level 6 in Spellcasting
  2233 | D:2      | Reached skill level 5 in Ice Magic
  2233 | D:2      | Reached XP level 4. HP: 19/24 MP: 8/14
  2233 | D:2      | Reached XP level 5. HP: 22/28 MP: 8/15
  2385 | D:2      | Found a runed door.
  2394 | D:2      | Learned a level 4 spell: Throw Icicle
  2394 | D:2      | Noticed Crazy Yiuf
  2399 | D:2      | Killed Crazy Yiuf
  2767 | D:3      | Found a glowing drain.
  2773 | D:3      | Reached XP level 6. HP: 31/32 MP: 12/17
  2797 | Sewer    | Entered a sewer
  3194 | Sewer    | Reached skill level 7 in Spellcasting
  3301 | Sewer    | Found a glowing silver altar of Zin.
  3368 | D:3      | Found an iron altar of Okawaru.
  3502 | D:3      | Noticed galech's ghost (amateur GnWn)
  4527 | D:4      | Found an opulent altar of Gozag.
  4626 | D:4      | Noticed Blork the orc
  4645 | D:4      | Killed Blork the orc
  4858 | D:4      | Reached XP level 7. HP: 31/37 MP: 20/20
  4888 | D:4      | Reached skill level 1 in Short Blades
  5371 | D:4      | Reached skill level 8 in Spellcasting
  5995 | D:5      | Entered Level 5 of the Dungeon
  6007 | D:5      | Reached skill level 1 in Fighting
  6376 | D:5      | Found a staircase to the Ecumenical Temple.
  6446 | D:5      | Found a sacrificial altar of Ru.
  6804 | Temple   | Entered the Ecumenical Temple
  7268 | D:6      | Reached XP level 8. HP: 42/43 MP: 12/22
  7347 | D:6      | Found Gerhul's Jewellery Boutique.
  7440 | D:6      | Reached skill level 9 in Spellcasting
  8580 | D:6      | Mangled by an orc warrior

Vault maps used:
D:1:      mrwooster_arrival_arrow, serial_bayou_pond_b
D:2:      uniq_crazy_yiuf_cottage, uniq_sigmund
D:3:      marbit_many_paths, first_ration, portal_sewer_entry_a, minivault_25,
          okawaru_gym_becter
D:4:      nicolae_gozag_cash_rules_everything_around_me, uniq_blork_the_orc
D:5:      nicolae_ru_awakened_eye, minmay_temple_entry_from_below_b
D:6:      serial_shops, nicolae_shop_stone, nicolae_ossuary_entry_giza
D:7:      gammafunk_temple_overflow_wave, uniq_pikel, uniq_duvessa
Temple:   compressed_dpeg_circular_temple
Sewer:    sewer_kobolds

Skill      XL: |  1  2  3  4  5  6  7  8 |
---------------+-------------------------+-----
Spellcasting   | 4 6 7 8 9 |  9.4
Ice Magic      | 5 6 7 |  7.2
Dodging        | 3 4 |  4.2
Short Blades   | 2 |  2.6
Conjurations   | 2 3 |  3.1
Fighting       | 1 |  1.3
Stealth        | |  2.4

Action                   |  1- 3 |  4- 6 |  7- 9 || total
-------------------------+-------+-------+-------++-------
Melee: Unarmed           |    24 |       |       ||    24
       Dagger            |     1 |    82 |    72 ||   155
 Cast: Freeze            |    73 |    48 |    40 ||   161
       Throw Icicle      |       |    21 |    42 ||    63
  Use: Scroll            |     5 |     5 |     8 ||    18
       Potion            |       |       |     3 ||     3
 Stab: Sleeping          |     3 |     4 |     4 ||    11
  Eat: Chunk             |     4 |     4 |     7 ||    15
       Ration            |       |     2 |     2 ||     4
Armor: Robe              |    15 |    19 |    15 ||    49
Dodge: Dodged            |    56 |    65 |    71 ||   192

Table legend:
 A = Spawn XP
 B = Non-spawn XP
 C = Spawn XP percentage of total XP
 D = Spawn monster count
 E = Non-spawn monster count
 F = Spawn count percentage of total count
 G = Total turns spent on level
                    A         B        C        D         E        F      G
               +---------+---------+-------+---------+---------+-------+---------
         Total |       0 |    2088 |   0.0 |       0 |     141 |   0.0 |  8580
               +---------+---------+-------+---------+---------+-------+---------
           D:1 |       0 |      30 |   0.0 |       0 |      20 |   0.0 |   937
           D:2 |       0 |     328 |   0.0 |       0 |      32 |   0.0 |  2330
           D:3 |       0 |      55 |   0.0 |       0 |      22 |   0.0 |   652
           D:4 |       0 |     613 |   0.0 |       0 |      23 |   0.0 |  1528
           D:5 |       0 |     124 |   0.0 |       0 |       2 |   0.0 |   962
           D:6 |       0 |     735 |   0.0 |       0 |      29 |   0.0 |  1481
           D:7 |       0 |      89 |   0.0 |       0 |       4 |   0.0 |    14
         Sewer |       0 |     114 |   0.0 |       0 |       9 |   0.0 |   548
               +---------+---------+-------+---------+---------+-------+---------
